 Dungeon Crawl Stone Soup version 0.19-a0-1251-gd6e46da (webtiles) character file.

2523 TheGoonsmith the Carver (level 9, -4/50 HPs)
             Began as a High Elf Skald on Aug 27, 2016.
             Was a Believer of Hepliaklqana.
             Killed by divine providence
             ... invoked by an orc priest
              (14 damage)
             ... on level 7 of the Dungeon.
             The game lasted 00:18:59 (7976 turns).

TheGoonsmith the Carver (High Elf Skald)            Turns: 7976, Time: 00:19:00

Health: -4/50      AC: 10    Str: 12    XL:     9   Next: 29%
Magic:  6/13       EV: 17    Int: 17    God:    Hepliaklqana [**....]
Gold:   404        SH:  0    Dex: 17    Spells: 3 memorised, 5 levels left

rFire  . . .     SeeInvis .     j - +0 long sword
rCold  + . .     Gourm    .     x - +2 leather armour {rC+}
rNeg   . . .     Faith    .     (no shield)
rPois  +         Spirit   .     (helmet restricted)
rElec  .         Dismiss  .     u - +0 cloak
rCorr  .         Reflect  .     f - +2 pair of gloves
MR     .....     Harm     .     e - +0 pair of boots
Stlth  +......... Rnd*Rage +    (no amulet)
                                (no ring)
                                (no ring)

@: infused
A: horns 1, berserk 1, poison resistance
a: Recall Ancestor, Ancestor Identity, Renounce Religion


You were on level 7 of the Dungeon.
You worshipped Hepliaklqana.
Hepliaklqana was pleased with you.
You were hungry.

You visited 1 branch of the dungeon, and saw 7 of its levels.

You collected 404 gold pieces.

Inventory:

Hand Weapons
 a - a +1 falchion
 j - a +0 long sword (weapon)
Armour
 b - a +0 leather armour
 e - a +0 pair of boots (worn)
 f - a +2 pair of gloves (worn)
 h - a cursed +0 helmet
 i - a +0 robe
 u - a +0 cloak (worn)
 w - the +7 plate armour of the Commoners {rPois MR+ Stlth+}
   (You found it on level 4 of the Dungeon)

   It protects you from poison.
   It affects your resistance to hostile enchantments.
   It makes you more stealthy.
 x - a +2 leather armour of cold resistance (worn)
Jewellery
 B - an uncursed ring of protection from cold {unknown}
Wands
 t - a wand of disintegration (8/24)
 y - a wand of iceblast (7/15)
Scrolls
 m - 2 scrolls of remove curse
 o - 3 scrolls of amnesia
 p - a scroll of teleportation
 q - a scroll of enchant weapon
 r - 2 scrolls of identify
Potions
 k - 2 potions of resistance {unknown}
 l - 2 potions of brilliance {unknown}
 z - a potion of cure mutation {unknown}
 A - a potion of flight {unknown}
Books
 c - a book of Battle

   Spells                             Type                      Level
   a - Infusion                       Charms                       1
   b - Shroud of Golubria             Charms/Translocation         2
   c - Song of Slaying                Charms                       2
   d - Spectral Weapon                Hexes/Charms                 3
   e - Regeneration                   Charms/Necromancy            3
Comestibles
 d - a bread ration
 g - a royal jelly
 n - 4 meat rations
 s - a beef jerky
 v - a slice of pizza
 C - a chunk of flesh


   Skills:
 - Level 3.0 Fighting
 + Level 10.5 Long Blades
 - Level 0.8 Armour
 - Level 7.6 Dodging
 - Level 2.4 Spellcasting
 - Level 4.4 Hexes
 - Level 5.0 Charms


You had 5 spell levels left.
You knew the following spells:

 Your Spells              Type           Power        Failure   Level  Hunger
a - Infusion              Chrm           ###.         3%          1    #......
e - Regeneration          Chrm/Necr      ##........   28%         3    ###....
z - Spectral Weapon       Hex/Chrm       ###.....     12%         3    ###....


Dungeon Overview and Level Annotations

Branches:
Dungeon (7/15)             Temple (0/1) D:6

Altars:
Ashenzari
Dithmenos
Hepliaklqana
Makhleb
Vehumet
Xom
Yredelemnul
Zin
The Shining One

Shops:
D:4 }

Annotations:
D:3 chequers's ghost, amateur DsMo


Innate Abilities, Weirdness & Mutations

You have a pair of small horns on your head.
You tend to lose your temper in combat.
Your system is resistant to poisons. (rPois)


Message History

Beogh smites you!
You closely miss the orc warrior.
The orc warrior is almost dead.
Your spectral weapon barely misses the orc warrior.
The orc priest calls upon Beogh to heal the orc warrior.
The orc warrior is healed somewhat.
The orc warrior closely misses you.
You closely miss the orc warrior. You headbutt the orc warrior.
The orc warrior is almost dead.
Your spectral weapon hits the orc warrior.
The orc priest hits you but does no damage.
The orc warrior hits your spectral weapon with a short sword.
Your spectral weapon shares its damage with you!
You hit the orc warrior.
You kill the orc warrior!
Your spectral weapon fades away.
The orc priest hits you with a whip of venom!
You closely miss the orc priest. The orc priest hits you with a flail!
* * * LOW HITPOINT WARNING * * *
The orc priest invokes the aid of Beogh against you.
Beogh smites you!
You die...

.#
#.............#.#######
.#
#.#####.##.............
.####.#
#.##...##.#######
......# #.##...##.#
.####. #.##...##.#
#.##...##.## .###
#..........
......#####.####..###
................@o#
#####............o......
#.#####.####.####### ###
###


You could see 2 orc priests.

Vanquished Creatures
  An ugly thing (D:6)
  A water moccasin (D:5)
  An orc warrior (D:7)
  An ice beast (D:6)
  2 sky beasts
  A phantom (D:5)
  4 giant frogs
  3 scorpions
  Dowan (D:7)
  A water moccasin skeleton (D:5)
  An orc priest (D:6)
  Crazy Yiuf (D:5)
  A hound (D:4)
  8 orc wizards
  3 worker ants
  2 gnolls (D:2)
  3 adders
  A shadow imp (D:5)
  An ooze (D:4)
  3 worms
  A dart slug (D:2)
  7 giant geckos
  24 orcs
  12 bats
  10 giant cockroaches
  12 goblins
  6 hobgoblins
  3 jackals (D:3)
  6 kobolds
  7 quokkas
  A ball python (D:1)
  A giant gecko skeleton (D:5)
  5 giant newts
  10 rats
145 creatures vanquished.

Vanquished Creatures (collateral kills)
  Duvessa (D:7)
  2 ogres
  A hound (D:6)
  An orc priest (D:6)
  2 orc wizards
  A worker ant (D:6)
  A hound zombie (D:7)
  A howler monkey zombie (D:6)
  An adder (D:6)
  An adder skeleton (D:6)
  A giant gecko (D:3)
  2 orcs
  A giant cockroach (D:6)
16 creatures vanquished.

Vanquished Creatures (others)
  An ancestor (D:3)
  4 plants (D:2)
5 creatures vanquished.

Grand Total: 166 creatures vanquished

Notes
Turn   | Place    | Note
-------+----------+-------------------------------------------
     0 | D:1      | TheGoonsmith the High Elf Skald began the quest for the Orb.
     0 | D:1      | Reached XP level 1. HP: 14/14 MP: 4/4
   117 | D:1      | Reached XP level 2. HP: 19/19 MP: 1/6
   345 | D:1      | Reached skill level 3 in Long Blades
   737 | D:1      | Reached XP level 3. HP: 24/24 MP: 7/7
  1479 | D:2      | Found a shattered altar of Ashenzari.
  1502 | D:2      | Gained mutation: You have a pair of small horns on your head. [potion of mutation]
  1502 | D:2      | Gained mutation: Your system is resistant to poisons. (rPois) [potion of mutation]
  1502 | D:2      | Gained mutation: You tend to lose your temper in combat. [potion of mutation]
  1506 | D:2      | Reached skill level 4 in Long Blades
  1744 | D:2      | Reached XP level 4. HP: 18/29 MP: 3/8
  1956 | D:2      | Learned a level 3 spell: Regeneration
  1960 | D:2      | Learned a level 3 spell: Spectral Weapon
  2606 | D:3      | Found a hazy altar of Hepliaklqana.
  2617 | D:3      | Reached skill level 5 in Charms
  2636 | D:3      | Became a worshipper of Hepliaklqana
  2704 | D:3      | Reached skill level 5 in Long Blades
  3264 | D:3      | Noticed chequers's ghost (amateur DsMo)
  3711 | D:4      | Reached skill level 1 in Hexes
  3711 | D:4      | Reached XP level 5. HP: 24/30 MP: 9/9
  3769 | D:4      | Found a glowing golden altar of the Shining One.
  3868 | D:4      | Found a shadowy altar of Dithmenos.
  3869 | D:4      | Found a burning altar of Makhleb.
  3898 | D:4      | Reached * piety under Hepliaklqana
  3931 | D:4      | Found a radiant altar of Vehumet.
  3954 | D:5      | Entered Level 5 of the Dungeon
  3954 | D:5      | Noticed a water moccasin
  3967 | D:5      | Killed a water moccasin
  3967 | D:5      | Reached XP level 6. HP: 7/35 MP: 0/10
  4438 | D:4      | Found Tolydghu's Gadget Shoppe.
  4527 | D:4      | Got a faintly humming plate armour
  4528 | D:4      | Identified the +7 plate armour of the Commoners {rPois MR+ Stlth+} (You found it on level 4 of the Dungeon)
  4669 | D:4      | Found a basalt altar of Yredelemnul.
  4932 | D:5      | Noticed a sky beast
  4941 | D:5      | Killed a sky beast
  5131 | D:5      | Reached XP level 7. HP: 22/40 MP: 3/11
  5540 | D:5      | Reached skill level 5 in Dodging
  5643 | D:5      | Found a burning altar of Makhleb.
  5826 | D:5      | Found a runed door.
  6211 | D:5      | Noticed Crazy Yiuf
  6218 | D:5      | Killed Crazy Yiuf
  6286 | D:6      | Reached ** piety under Hepliaklqana
  6308 | D:6      | Remembered your ancestor Nenetl as a battlemage
  6489 | D:6      | Found a staircase to the Ecumenical Temple.
  6629 | D:6      | Reached XP level 8. HP: 36/45 MP: 9/12
  6986 | D:6      | Reached skill level 6 in Long Blades
  7176 | D:6      | Reached skill level 7 in Long Blades
  7237 | D:6      | Noticed a green ugly thing
  7252 | D:6      | Killed a green ugly thing
  7252 | D:6      | Reached skill level 9 in Long Blades
  7252 | D:6      | Reached XP level 9. HP: 22/50 MP: 0/13
  7541 | D:7      | Noticed Duvessa
  7541 | D:7      | Noticed Dowan
  7547 | D:7      | Killed Dowan
  7554 | D:7      | Killed Duvessa
  7554 | D:7      | Reached skill level 10 in Long Blades
  7755 | D:7      | Noticed an angel
  7756 | D:7      | Found a shimmering altar of Xom.
  7757 | D:7      | Found a glowing silver altar of Zin.
  7976 | D:7      | Killed from afar by an orc priest

Vault maps used:
D:1:      dpeg_arrival_chase
D:2:      wad_woods_stonehenge
D:3:      lemuel_doored_altar, gup_sewer_entry_glass, supply_closet_lemuel
D:4:      marbit_many_paths, nicolae_overflow_hidden_temple, serial_shops, shop,
          first_bread, nicolae_tso_carved_into_rock
D:5:      hangedman_abyss_or_decor_jellyfish_corner, bloody_makhleb,
          uniq_crazy_yiuf_cottage
D:7:      grunt_temple_overflow_order_and_chaos_1, uniq_duvessa

Skill      XL: |  1  2  3  4  5  6  7  8  9 |
---------------+----------------------------+-----
Charms         | 4 5 |  5.0
Long Blades    | 3 4 5 9 10 | 10.5
Hexes          | 1 3 4 |  4.4
Dodging        | 3 7 |  7.6
Fighting       | 3 |  3.0
Armour         | |  0.8
Spellcasting   | |  2.4

Action                   |  1- 3 |  4- 6 |  7- 9 || total
-------------------------+-------+-------+-------++-------
Melee: Falchion          |   186 |   191 |   202 ||   579
       Headbutt          |     5 |    35 |    50 ||    90
       Long sword        |       |       |    46 ||    46
 Cast: Infusion          |    15 |    10 |    12 ||    37
       Spectral Weapon   |       |     5 |    12 ||    17
       Regeneration      |       |       |     2 ||     2
Invok: Recall Ancestor   |       |       |     1 ||     1
       Ancestor Life: Ba |       |       |     1 ||     1
  Use: Scroll            |     1 |     7 |     1 ||     9
       Potion            |     4 |     1 |     1 ||     6
 Stab: Sleeping          |       |     2 |       ||     2
       Distracted        |       |       |     4 ||     4
  Eat: Chunk             |     3 |     8 |     5 ||    16
       Bread ration      |       |     2 |     1 ||     3
Armor: Leather armour    |     9 |    12 |    41 ||    62
       Robe              |    14 |    40 |       ||    54
Dodge: Dodged            |    60 |    88 |   125 ||   273
